 Dungeon Sprint DCSS version 0.28-a0-79-g444c7a33f5 (webtiles) character file.

Game seed: 2225578855220529447

2775 Zeldest the Nimble (level 10, 0/68 HPs)
             Began as a Kobold Gladiator on Aug 2, 2021.
             Was a Believer of Dithmenos.
             Slain by a vampire mosquito (2 damage)
             ... while petrified by a basilisk
             ... in the Dungeon (Sprint IX: "|||||||||||||||||||||||||||||").
             The game lasted 00:02:57 (380 turns).

Zeldest the Nimble (Kobold Gladiator)                Turns: 380, Time: 00:02:57

Health: 0/68       AC:  9    Str: 17    XL:     10   Next: 1%
Magic:  16/17      EV:  3    Int:  9    God:    Dithmenos [**....]
Gold:   0          SH:  0    Dex: 21    Spells: 9/9 levels left

rFire   . . .      SeeInvis .   o - +2 rapier (venom)
rCold   . . .      Faith    .   (shield restricted)
rNeg    + + +      Spirit   .   q - +1 scale mail
rPois   ∞          Reflect  .   c - +0 helmet
rElec   .          Harm     .   p - +0 cloak
rCorr   .          Rampage  .   (no gloves)
Will    .....      NoTele   +   (no boots)
Stlth   +++++++...              (no amulet)
HPRegen 0.21/turn               r - +3 ring of strength
MPRegen 0.15/turn               s - +3 ring of strength

@: petrified, wreathed by umbra
A: small, no large weapons, nightstalker 3
a: Renounce Religion, Shadow Step


You were in the Dungeon.
You worshipped Dithmenos.
Dithmenos was pleased with you.
You visited 1 branch

Inventory:

Hand Weapons
 a - a +0 long sword
 n - the +10 zealot's sword {holy, *Rage rN+ EV+3}
   (You found it in the Dungeon)

   It has been blessed by the Shining One to cause great damage to the undead
   and demons.
   Whenever the wielder enters a berserk rage, their allies are berserked
   alongside them.
   EV:        It affects your evasion (+3).
   rN:        It protects you from negative energy.
   *Rage:     It may make you go berserk in combat.
 o - a +2 rapier of venom (weapon)
Missiles
 d - 2 throwing nets (quivered)
Armour
 b - a +0 leather armour
 c - a +0 helmet (worn)
 p - a +0 cloak (worn)
 q - a +1 scale mail (worn)
Jewellery
 r - a +3 ring of strength (left hand)
 s - a +3 ring of strength (right hand)
Wands
 m - a wand of acid (10)
Scrolls
 j - a scroll of blinking
 l - 2 scrolls of amnesia
Potions
 e - 5 potions of curing
 f - 2 potions of heal wounds
 g - a potion of haste
 h - 4 potions of magic
 i - a potion of berserk rage


   Skills:
 + Level 10.1 Fighting
 + Level 9.7 Long Blades
 - Level 2.1 Throwing
 + Level 13.2 Dodging
 + Level 12.4 Stealth
 + Level 9.8 Invocations


You had 9 spell levels left.
You didn't know any spells.
Your spell library was empty.

Dungeon Overview and Level Annotations

Branches:
Dungeon (1/1)

Altars:
Cheibriados
Dithmenos
Elyvilon
Fedhas
Gozag
Hepliaklqana
Kikubaaqudgha
Makhleb
Nemelex Xobeh
Okawaru
Qazlal
Ru
Sif Muna
Trog
Uskayaw
Vehumet
Wu Jian
Xom
Yredelemnul
Zin
The Shining One
Beogh
Jiyva
Lugonu


Innate Abilities, Weirdness & Mutations

You are small and have problems with some larger weapons.
You are completely attuned to the shadows.


Message History

The basilisk is heavily wounded.
The vampire mosquito completely misses you.
The basilisk gazes at you.
You are slowing down.
Okay, then.
You puncture the basilisk!
The basilisk looks as sick as possible!
The basilisk is almost dead.
The vampire mosquito bites you.
The vampire mosquito draws strength from your injuries!
The vampire mosquito bites you!
The vampire mosquito draws strength from your injuries!
The basilisk barely misses you.
Your limbs are stiffening.
You barely miss the basilisk.
The basilisk is almost dead.
You kill the basilisk!
Dithmenos accepts your kill.
The vampire mosquito bites you but does no damage.
The vampire mosquito bites you.
The vampire mosquito draws strength from your injuries!
You have turned to stone.
You have reached level 10!
You feel agile. The vampire mosquito bites you!
* * * LOW HITPOINT WARNING * * *
The vampire mosquito bites you but does no damage.
The vampire mosquito bites you!
* * * LOW HITPOINT WARNING * * *
The vampire mosquito bites you.
* * * LOW HITPOINT WARNING * * *
The vampire mosquito bites you. x2
* * * LOW HITPOINT WARNING * * *
The vampire mosquito barely misses you. The vampire mosquito bites you!
* * * LOW HITPOINT WARNING * * *
The vampire mosquito bites you!
* * * LOW HITPOINT WARNING * * *
The vampire mosquito bites you!
* * * LOW HITPOINT WARNING * * *
The vampire mosquito bites you but does no damage.
The vampire mosquito bites you.
You die... ▓▓▓▓▓▓▓▓▓▓▓▓▓▓▓▓▓▓▓▓ +..@ycl'...)).)...[. ▓▓▓▓▓▓▓▓▓▓▓▓▓▓▓▓▓▓▓▓

You could see a centaur warrior, a basilisk and a vampire mosquito.

Vanquished Creatures
  A boulder beetle (D)
  2 two-headed ogres (D)
  A hornet (D)
  A troll (D)
  A tarantella (shapeshifter) (D)
  A basilisk (D)
  A necrophage (D)
  An orc wizard (D)
  An ufetubus (D)
  An adder zombie (D)
  2 dart slugs (D)
  An orc (D)
  A bat (D)
  A goblin (D)
  A jackal (D)
  A frilled lizard (D)
  A giant cockroach zombie (D)
19 creatures vanquished.

Notes
Turn   | Place    | Note
-------+----------+-------------------------------------------
     0 | D        | Zeldest the Kobold Gladiator began the quest for the Orb.
     0 | D        | Reached XP level 1. HP: 12/12 MP: 1/1
     6 | D        | Reached skill level 4 in Dodging
    15 | D        | Reached XP level 2. HP: 15/17 MP: 2/2
    52 | D        | Noticed a necrophage
    62 | D        | Killed a necrophage
    63 | D        | Reached skill level 5 in Long Blades
    63 | D        | Reached skill level 8 in Dodging
    63 | D        | Reached XP level 3. HP: 18/21 MP: 3/3
    63 | D        | Reached XP level 4. HP: 22/26 MP: 4/4
    66 | D        | Reached XP level 5. HP: 26/30 MP: 5/5
    82 | D        | Found a snail-covered altar of Cheibriados.
    82 | D        | Found a shadowy altar of Dithmenos.
    83 | D        | Found a white marble altar of Elyvilon.
    84 | D        | Found a blossoming altar of Fedhas.
    85 | D        | Found an opulent altar of Gozag.
    86 | D        | Found a hazy altar of Hepliaklqana.
    87 | D        | Became a worshipper of Dithmenos the Shadowed
    88 | D        | Found a viscous altar of Jiyva.
    89 | D        | Found an ancient bone altar of Kikubaaqudgha.
    90 | D        | Found a corrupted altar of Lugonu.
    91 | D        | Found a burning altar of Makhleb.
    92 | D        | Found a sparkling altar of Nemelex Xobeh.
    93 | D        | Found an iron altar of Okawaru.
    94 | D        | Found a stormy altar of Qazlal.
    95 | D        | Found a sacrificial altar of Ru.
    96 | D        | Found a shimmering blue altar of Sif Muna.
    97 | D        | Found a bloodstained altar of Trog.
    98 | D        | Found a hide-covered altar of Uskayaw.
    99 | D        | Found a radiant altar of Vehumet.
   100 | D        | Found an ornate altar of the Wu Jian Council.
   101 | D        | Found a shimmering altar of Xom.
   102 | D        | Found a basalt altar of Yredelemnul.
   103 | D        | Found a glowing silver altar of Zin.
   104 | D        | Found a glowing golden altar of the Shining One.
   110 | D        | Found the +10 zealot's sword {holy, *Rage rN+ EV+3}
   144 | D        | Noticed a troll
   144 | D        | Noticed a two-headed ogre
   144 | D        | Noticed a hornet
   147 | D        | Killed a hornet
   148 | D        | Reached skill level 5 in Fighting
   148 | D        | Reached skill level 9 in Dodging
   148 | D        | Reached skill level 5 in Stealth
   148 | D        | Reached XP level 6. HP: 40/40 MP: 5/9
   154 | D        | Killed a two-headed ogre
   155 | D        | Reached skill level 11 in Dodging
   155 | D        | Reached XP level 7. HP: 15/48 MP: 5/12
   155 | D        | Reached XP level 8. HP: 17/53 MP: 5/13
   156 | D        | Killed a troll
   156 | D        | Reached * piety under Dithmenos
   158 | D        | Noticed a two-headed ogre
   163 | D        | Killed a two-headed ogre
   164 | D        | Reached skill level 12 in Dodging
   164 | D        | Reached XP level 9. HP: 30/60 MP: 6/15
   165 | D        | Reached ** piety under Dithmenos
   347 | D        | Noticed a boulder beetle
   348 | D        | Noticed a centaur warrior
   370 | D        | Killed a boulder beetle
   371 | D        | Reached skill level 10 in Fighting
   371 | D        | Reached skill level 13 in Dodging
   375 | D        | Reached XP level 10. HP: 21/68 MP: 15/17
   379 | D        | HP: 1/68 [vampire mosquito (4)]
   380 | D        | Slain by a vampire mosquito

Illustrated notes

Levels and vault maps discovered:
D:        linesprint [early_d, line_temple, items_1, d_10, items_2, lair_1,
          lair_end, items_3, orc_1, orc_end, items_4, d_15, swamp_1, shoals_1,
          snake_1, spider_1, d_20, vaults_1, items_5, swamp_end, shoals_end,
          snake_end, spider_end, vaults_end, d_27, items_6, zot_1, zot_end,
          crypt_end, forest_end, elf_end, slime_end, tomb_end, abyss_end,
          pan_hell_end]

Skill      XL: |  1  2  3  4  5  6  7  8  9 |
---------------+----------------------------+-----
Dodging        | 4 8 9 11 12 13 | 13.2
Long Blades    | 3 5 6 8 9 |  9.7
Fighting       | 5 7 9 10 | 10.1
Stealth        | 5 9 11 12 | 12.4
Invocations    | 4 7 8 9 |  9.8
Throwing       | |  2.1

Action                   |  1- 3 |  4- 6 |  7- 9 | 10-12 || total
-------------------------+-------+-------+-------+-------++-------
Melee: Long sword        |    19 |    13 |       |       ||    32
       Eudemon blade     |       |     9 |     7 |       ||    16
       Rapier            |       |       |    14 |       ||    14
Throw: Throwing net      |     1 |       |       |       ||     1
  Use: Potion            |       |     1 |     1 |       ||     2
       Scroll            |       |       |     1 |       ||     1
 Stab: Sleeping          |     1 |       |       |       ||     1
       Held in net/web   |     1 |       |       |       ||     1
       Invisible         |       |     5 |     3 |       ||     8
Armor: Leather armour    |     4 |     3 |       |       ||     7
       Scale mail        |       |       |    19 |     2 ||    21
Dodge: Dodged            |     9 |    19 |    24 |     1 ||    53
       Rpst.: Long sword |     4 |       |       |       ||     4
       Eudemon blade     |       |     3 |     1 |       ||     4

Table legend: (Time is in decaauts)
 A = Elapsed time spent in this place.
 B = Non-inter-level travel time spent in this place.
 C = Inter-level travel time spent in this place.
 D = Time resting spent in this place.
 E = Time spent auto-exploring this place.
 F = Levels seen in this place.
 G = Mean time per level.
                   A        B        C        D        E       F      G
               +--------+--------+--------+--------+--------+-----+--------+
         Total |    393 |    393 |      0 |    213 |      0 |   1 |  393.0 |
       Dungeon |    393 |    393 |      0 |    213 |      0 |   1 |  393.0 |
               +--------+--------+--------+--------+--------+-----+--------+

Top non-repeatable levels by time:
       D: 393 daAuts
